 Dungeon Crawl Stone Soup version 0.29.1-12-g30fa7ad0bf (webtiles) character file.

Game seed: 1915362340842598077

105 VictoriousLee the Cudgeller (level 4, -4/23 HPs)
             Began as a Vine Stalker Abyssal Knight on Jan 17, 2023.
             Was a Priest of Lugonu.
             Killed by divine providence
             ... invoked by an orc priest
              (13 damage)
             ... on level 3 of the Dungeon.
             The game lasted 00:06:53 (2533 turns).

VictoriousLee the Cudgeller (VSAK)                  Turns: 2533, Time: 00:06:54

Health: -4/23      AC:  6    Str: 18    XL:     4   Next: 81%
Magic:  0/6        EV: 10    Int: 10    God:    Lugonu [***...]
Gold:   91         SH:  0    Dex: 14    Spells: 3/3 levels left

rFire   . . .      SeeInvis .   a - +1 mace
rCold   . . .      Faith    .   (no shield)
rNeg    . . .      Spirit   +   d - +0 ring mail
rPois   .          Reflect  .   (no helmet)
rElec   .          Harm     .   j - scarf {shadows}
rCorr   .          Rampage  .   (no gloves)
Will    .....                   l - +0 pair of boots
Stlth   +.........              (no amulet)
HPRegen 0.87/turn               (no ring)
MPRegen 0.10/turn               (no ring)

@: no status effects
A: fangs 2, regeneration 1, magic shield, antimagic bite, no potion heal 2
a: Renounce Religion, Depart the Abyss, Bend Space, Banish


You were on level 3 of the Dungeon.
You worshipped Lugonu.
Lugonu was most pleased with you.
You visited 1 branch of the dungeon, and saw 3 of its levels.
You visited the Abyss 1 time.

You collected 91 gold pieces.

Inventory:

Hand Weapons
 a - a +1 mace (weapon)
 i - a +3 dagger
Missiles
 q - 8 poisoned darts
Armour
 b - a +0 leather armour
 d - a +0 ring mail (worn)
 j - a scarf of shadows (worn)
 l - a +0 pair of boots (worn)
Scrolls
 c - 4 scrolls of blinking {unknown}
 e - 4 scrolls of identify {unknown}
 f - 2 scrolls of teleportation {unknown}
 k - 2 scrolls of magic mapping {unknown}
 n - a scroll of poison {unknown}
Potions
 g - a potion of cancellation {unknown}
 h - a potion of flight {unknown}
 m - 3 potions of attraction {unknown}
 o - 2 potions of heal wounds {unknown}
 p - a potion of curing {unknown}


   Skills:
 - Level 2.6 Fighting
 + Level 4.4 Maces & Flails
 - Level 1.5 Armour
 - Level 0.7 Dodging
 - Level 1.7 Invocations


You had 3 spell levels left.
You didn't know any spells.
Your spell library contained the following spells:

 Spells                   Type           Power      Damage    Failure   Level
 Magic Dart               Conj           0%         1d3       56%         1
 Shock                    Conj/Air       0%         1d3       56%         1
 Call Imp                 Summ           0%         N/A       71%         2
 Confusing Touch          Hex            0%         N/A       90%         3
 Mephitic Cloud           Conj/Pois/Air  0%         N/A       90%         3
 Summon Guardian Golem    Hex/Summ       0%         N/A       90%         3
 Swiftness                Air            0%         N/A       90%         3
 Airstrike                Air            0%         2d(0-16)  100%        4
 Fulminant Prism          Conj/Hex       0%         3d6       100%        4
 Storm Form               Tmut/Air       0%         N/A       100%        7


Dungeon Overview and Level Annotations

Branches:
Dungeon (3/15)

Altars:

Shops:
D:1 ?


Innate Abilities, Weirdness & Mutations

You have extremely sharp teeth.
Your natural rate of healing is unusually fast.
When hurt, damage is shared between your health and your magic reserves.
Your bite disrupts and absorbs the magic of your enemies.
Potions cannot restore your health.


Message History

You sock the bat!
You kill the bat!
Lugonu accepts your kill.
No target in view!
No target in view!
Found a scroll labelled DOMINE EPHUXT.
m - 3 smoky yellow potions (gained 1)
Found Urchusk's Discourse on Feathery Interference.
Found an escape hatch in the floor.
Found a ring mail and a short sword.
k - 2 scrolls labelled DOMINE EPHUXT (gained 1)
You pick up Urchusk's Discourse on Feathery Interference and begin reading...
You add the spells Summon Guardian Golem, Confusing Touch, Fulminant Prism and Storm Form to your library.
Okay, then.
You see here a +0 ring mail.
An orc comes into view. It is wielding a +0 dagger.
The orc shouts!
You hear a shout! x2
An orc comes into view. It is wielding a +0 hand axe.
The orc shouts!
You hit the orc. You bite the orc, but do no damage.
The orc is heavily wounded.
You hit the orc. You bite the orc.
You kill the orc!
Lugonu accepts your kill.
An orc comes into view. It is wielding a +0 dagger.
An orc priest and an orc come into view.
The orc priest shouts!
The orc shouts!
The orc drinks a potion.
The orc flickers and vanishes!
Deactivating autopickup; reactivate with Ctrl-A.
The orc priest mumbles some strange prayers to Beogh against you.
Pain shoots through your body! Something hits you but does no damage.
Something hits you but does no damage.
The orc priest mumbles some strange prayers to Beogh against you.
Beogh smites you!
Ouch! That really hurt!
The orc priest mumbles some strange prayers to Beogh against you.
Beogh smites you!
Ouch! That really hurt!
You die...

######### ##########
#.....).# #.<.†.....
#.......# #)........
#.......# #.........
#......>#########.........
#.......o.oo...@..........
##.......#########.........
.#.......#####.............
...............###......#
..)....#.####### #......#
##...........# .......#
#..#.##...#... ........
...##..###.# # #......#
#...##.# .# ..!...


You could see an orc priest and an orc.

Vanquished Creatures
  A gnoll (D:2)
  5 adders
  2 worms (D:2)
  2 dart slugs
  3 orcs (D:3)
  2 endoplasms (D:2)
  3 hobgoblins
  A quokka (D:2)
  2 ball pythons (D:2)
  4 bats
  A frilled lizard (D:1)
  7 goblins
  3 kobolds
  4 rats
40 creatures vanquished.

Notes
Turn   | Place    | Note
-------+----------+-------------------------------------------
     0 | Abyss:1  | VictoriousLee the Vine Stalker Abyssal Knight began the
                  | quest for the Orb.
     0 | Abyss:1  | Reached XP level 1. HP: 11/11 MP: 3/3
     1 | D:1      | Escaped the Abyss
   494 | D:1      | Reached skill level 2 in Maces & Flails
   513 | D:1      | Found a faded altar of an unknown god.
   699 | D:1      | Found Quckaokea's Magic Scroll Emporium.
   726 | D:1      | Reached XP level 2. HP: 16/16 MP: 4/4
  1393 | D:2      | Reached skill level 3 in Maces & Flails
  1393 | D:2      | Reached XP level 3. HP: 7/19 MP: 5/5
  1884 | D:2      | Reached *** piety under Lugonu
  2117 | D:2      | Gained mutation: Your natural rate of healing is unusually
                  | fast. [Vine Stalker growth]
  2117 | D:2      | Reached XP level 4. HP: 23/23 MP: 6/6
  2349 | D:2      | Reached skill level 4 in Maces & Flails
  2501 | D:3      | Got Urchusk's Discourse on Feathery Interference
  2533 | D:3      | Killed from afar by an orc priest

Illustrated notes

Levels and vault maps discovered:
D:1:      dpeg_arrival_renting, layout_loops_cross, serial_shops,
          nicolae_shop_crystal, ebering_ecumenical_altar_petrified,
          kennysheep_doodads
D:2:      layout_basic, minmay_tiny_reverse_x
D:3:      layout_rooms

Skill      XL: |  1  2  3  4 |
---------------+-------------+-----
Maces & Flails | 2 3 4 |  4.4
Fighting       | |  2.6
Armour         | |  1.5
Dodging        | |  0.7
Invocations    | |  1.7

Action                   |  1- 3 |  4- 6 || total
-------------------------+-------+-------++-------
Melee: Mace              |    78 |    36 ||   114
       Bite              |    14 |    12 ||    26
       Punch             |     1 |     1 ||     2
Armor: Ring mail         |    26 |    19 ||    45
Dodge: Dodged            |    38 |    21 ||    59
